 Dungeon Crawl Stone Soup version 0.29-a0-234-g0dae59b3db (webtiles) character file.

Game seed: 13670216704668559205

45 Hubjo the Sneak (level 3, -1/26 HPs)
             Began as a Vampire Enchanter on Mar 3, 2022.
             Was a Follower of Dithmenos.
             Slain by a goblin
             ... wielding a +0 dagger
             ... led by Robin
              (4 damage)
             ... on level 2 of the Dungeon.
             The game lasted 00:02:53 (1119 turns).

Hubjo the Sneak (Vampire Enchanter)                 Turns: 1119, Time: 00:02:54

Health: -1/26      AC:  2    Str:  7    XL:     3   Next: 42%
Magic:  3/6        EV: 12    Int: 17    God:    Dithmenos [*.....]
Gold:   74         SH:  0    Dex: 16    Spells: 3/6 levels left

rFire   . . .      SeeInvis +   a - +1 dagger
rCold   . . .      Faith    .   (no shield)
rNeg    . . .      Spirit   .   b - +0 robe
rPois   +          Reflect  .   (no helmet)
rElec   .          Harm     .   (no cloak)
rCorr   .          Rampage  .   (no gloves)
Will    .....                   (no boots)
Stlth   ++++......              (no amulet)
HPRegen 0.28/turn               d - ring of poison resistance
MPRegen 0.10/turn               (no ring)

@: brilliant, healing quickly, wreathed by umbra
A: alive, fangs 3, see invisible, vampiric 2
a: Exsanguinate, Renounce Religion


You were on level 2 of the Dungeon.
You worshipped Dithmenos.
Dithmenos was aware of your devotion.
You visited 1 branch of the dungeon, and saw 2 of its levels.

You collected 74 gold pieces.

Inventory:

Hand Weapons
 a - a +1 dagger (weapon)
 g - a +1 dagger of holy wrath
Armour
 b - a +0 robe (worn)
Jewellery
 d - a ring of poison resistance (left hand)
Scrolls
 h - a scroll of magic mapping {unknown}
 j - a scroll of teleportation {unknown}
Potions
 e - 2 potions of brilliance
 f - a potion of heal wounds {unknown}
 i - a potion of attraction {unknown}


   Skills:
 * Level 1.4 Fighting
 + Level 1.7 Short Blades
 + Level 2.5 Dodging
 * Level 5.1 Stealth
 - Level 2.0 Spellcasting
 + Level 4.7 Hexes


You had 3 spell levels left.
You knew the following spells:

 Your Spells              Type           Power      Damage    Failure   Level
a - Tukima's Dance        Hex            26%        N/A       9%          3

Your spell library contained the following spells:

 Spells                   Type           Power      Damage    Failure   Level
 Confusing Touch          Hex            26%        N/A       9%          3
 Ensorcelled Hibernation  Hex/Ice        28%        N/A       11%         2
 Dazzling Flash           Conj/Hex       28%        N/A       22%         3
 Hailstorm                Conj/Ice       2%         3d3       88%         4
 Ice Form                 Ice/Tmut       2%         N/A       88%         4
 Simulacrum               Ice/Necr       1%         N/A       100%        6


Dungeon Overview and Level Annotations

Branches:
Dungeon (2/15)

Altars:
Dithmenos
Yredelemnul

Annotations:
D:2 Robin


Innate Abilities, Weirdness & Mutations

Your natural rate of healing is accelerated.
You have razor-sharp teeth.
You have supernaturally acute eyesight. (SInv)
You are afflicted with vampirism and can become a bat while bloodless.


Message History

You kill the goblin!
Dithmenos accepts your kill.
The goblin hits your +0 club with a +0 dagger.
Your +0 club misses the goblin.
You closely miss the goblin.
The goblin hits your +0 club with a +0 dagger.
Your +0 club falls from the air.
The goblin misses you.
The goblin shouts!
You hit the goblin.
The goblin is severely wounded.
You flicker back into view.
You hear a shout! x5
The goblin hits you with a +3 dagger of venom.
You hit the goblin.
You kill the goblin!
Dithmenos accepts your kill.
The goblin no longer looks unusually strong.
A hobgoblin comes into view.
A goblin comes into view. It is wielding a +0 dagger.
The goblin hits you with a +0 dagger. Robin throws the goblin at you!
Things that are here:
a +3 dagger of venom; a goblin corpse You closely miss the goblin.
The hobgoblin no longer looks unusually strong.
A goblin comes into view. It is wielding a +0 dagger.
The goblin hits you with a +0 dagger.
A goblin comes into view. It is wielding a +0 club.
The goblin hits you with a +0 dagger.
You hit the goblin.
The goblin is severely wounded.
The goblin hits you with a +0 dagger.
* * * LOW HITPOINT WARNING * * *
The goblin hits you with a +0 dagger.
* * * LOW HITPOINT WARNING * * *
You hit the goblin.
You kill the goblin!
Dithmenos accepts your kill. The goblin hits you with a +0 dagger.
You die...

####..(#...#..###.###
...........g.g# #...
........gg.)..###.#
.............#....#
#.....)g.....##.#
#..........####.##
#....#g#####
#...###### #....#)###
#......... #..#..@..#
#...#.###. #.###g.#.#
#####.# #. #.# ##.#.#
#.# #. #.# ##..#
#..... ## #.# ######
.# #


You could see Robin, a hobgoblin (wandering) and 4 goblins.

Vanquished Creatures
  An adder (D:2)
  4 ball pythons (D:1)
  4 bats (D:1)
  5 endoplasms
  A giant cockroach (D:1)
  7 goblins
  2 hobgoblins
  2 quokkas (D:1)
  3 frilled lizards
  4 kobolds (D:1)
33 creatures vanquished.

Vanquished Creatures (others)
  2 dancing weapons (D:2)
  A fungus (D:1)
3 creatures vanquished.

Grand Total: 36 creatures vanquished

Notes
Turn   | Place    | Note
-------+----------+-------------------------------------------
     0 | D:1      | Hubjo the Vampire Enchanter began the quest for the Orb.
     0 | D:1      | Reached XP level 1. HP: 13/13 MP: 3/3
   202 | D:1      | Reached XP level 2. HP: 10/20 MP: 5/5
   410 | D:1      | Found a faded altar of an unknown god.
   437 | D:1      | Prayed at the altar of an unknown god.
   437 | D:1      | Became a worshipper of Dithmenos the Shadowed
   437 | D:1      | Reached * piety under Dithmenos
   533 | D:1      | Reached skill level 1 in Fighting
   604 | D:1      | Reached skill level 5 in Stealth
   936 | D:2      | Gained mutation: You are afflicted with vampirism and can
                  | become a bat while bloodless. [Vampire growth]
   936 | D:2      | Reached XP level 3. HP: 26/26 MP: 6/6
   940 | D:2      | Learned a level 3 spell: Tukima's Dance
  1027 | D:2      | Found a basalt altar of Yredelemnul.
  1089 | D:2      | Noticed Robin
  1119 | D:2      | Slain by a goblin

Illustrated notes

Levels and vault maps discovered:
D:1:      lightli_arrival_lavapool, layout_rooms,
          shapermc_ecumenical_altar_ellora
D:2:      cheibrodos_pilgrimage, layout_loops_cross, serial_shops, shop,
          basic_altar, uniq_robin

Skill      XL: |  1  2 |
---------------+-------+-----
Fighting       | 1 |  1.4
Stealth        | 5 |  5.1
Short Blades   | |  1.7
Dodging        | |  2.5
Spellcasting   | |  2.0
Hexes          | |  4.7

Action                   || total
-------------------------++-------
Melee: Dagger            ||   130
       Bite              ||     9
 Cast: Tukima's Dance    ||     2
  Use: Potion            ||     2
 Stab: Sleeping          ||     4
Armor: Robe              ||    27
Dodge: Dodged            ||   101

Table legend: (Time is in decaauts)
 A = Elapsed time spent in this place.
 B = Non-inter-level travel time spent in this place.
 C = Inter-level travel time spent in this place.
 D = Time resting spent in this place.
 E = Time spent auto-exploring this place.
 F = Levels seen in this place.
 G = Mean time per level.
                   A        B        C        D        E       F      G
               +--------+--------+--------+--------+--------+-----+--------+
         Total |   1109 |   1008 |    101 |      0 |    752 |   2 |  554.5 |
       Dungeon |   1109 |   1008 |    101 |      0 |    752 |   2 |  554.5 |
               +--------+--------+--------+--------+--------+-----+--------+

Top non-repeatable levels by time:
     D:1: 921 daAuts
     D:2: 187 daAuts
